[Event "17th Asian Continental-ch Open 2018"]
[Site "Makati City"]
[Date "2018.12.10"]
[Round "1.8"]
[White "Antonio, Rogelio Jr"]
[Black "Sethuraman, S.P."]
[Result "0-1"]
[ECO "B06"]
[WhiteElo "2431"]
[BlackElo "2664"]
[PlyCount "72"]
[EventDate "2018.12.07"]
[EventType "swiss"]
[EventRounds "9"]
[EventCountry "PHI"]
[TimeControl "40/5400+30:1800+30"]

1. e4 g6 2. d4 Bg7 3. Be3 d6 4. Qd2 a6 5. f3 c5 6. Nc3 cxd4 7. Bxd4 Nf6 8. Nd5 Nbd7 9. a4 e5 10. Bc3 Nxd5 11. Qxd5 Nf6 12. Qd2 d5 13. Bb4 Be6 14. O-O-O Qd7 15. b3 Qc6 16. Qc3 Rc8 17. Qxc6+ Rxc6 18. exd5 Nxd5 19. Bd2 O-O 20. Bd3 b5 21. axb5 axb5 22. Bxb5 Ra8 23. Ne2 e4 24. c3 Rcc8 25. Ba4 exf3 26. gxf3 Nxc3 27. Nxc3 Bxc3 28. Bxc3 Rxc3+ 29. Kb2 Rxf3 30. Rc1 Rb8 31. Rc3 Rf2+ 32. Ka3 h5 33. Re3 Kg7 34. h3 Rd8 35. Bb5 Ra8+ 36. Ba4 Bd7 0-1

[Event "17th Asian Continental-ch Open 2018"]
[Site "Makati City"]
[Date "2018.12.10"]
[Round "1.15"]
[White "Tabatabaei, M.amin"]
[Black "Ervan, Mohamad"]
[Result "1/2-1/2"]
[ECO "E12"]
[WhiteElo "2587"]
[BlackElo "2357"]
[PlyCount "47"]
[EventDate "2018.12.07"]
[EventType "swiss"]
[EventRounds "9"]
[EventCountry "PHI"]
[TimeControl "40/5400+30:1800+30"]

1. d4 Nf6 2. c4 e6 3. Nf3 b6 4. a3 Bb7 5. Nc3 Ne4 6. Nxe4 Bxe4 7. Bf4 Be7 8. e3 O-O 9. Bd3 Bxd3 10. Qxd3 d6 11. h3 c5 12. O-O Nd7 13. Bh2 cxd4 14. Nxd4 Ne5 15. Qe2 Rc8 16. Rac1 Nc6 17. Nb5 a6 18. Nc3 Qc7 19. Rfd1 Rfd8 20. Ne4 Ne5 21. Qh5 f6 22. Bg3 Qb7 23. Nd2 b5 24. Qe2 {Writing ineligible, draw after 87 moves} 1/2-1/2

[Event "17th Asian Continental-ch Open 2018"]
[Site "Makati City"]
[Date "2018.12.10"]
[Round "1.21"]
[White "Lalith Babu M R"]
[Black "Montoya, Edsel"]
[Result "1-0"]
[ECO "E62"]
[WhiteElo "2529"]
[BlackElo "2312"]
[Annotator "RC"]
[PlyCount "77"]
[EventDate "2018.12.07"]
[EventType "swiss"]
[EventRounds "9"]
[EventCountry "PHI"]
[TimeControl "40/5400+30:1800+30"]

1. c4 Nf6 2. g3 g6 3. Bg2 Bg7 4. Nf3 O-O 5. O-O d6 6. d4 Nc6 7. Nc3 e5 8. d5 Nb8 9. c5 Na6 10. cxd6 cxd6 11. Nd2 Bd7 12. a4 Ne8 13. Nc4 Rc8 14. b3 e4 15. Bb2 f5 16. Rc1 Nc5 17. b4 Na6 18. Qb3 b6 19. Rfd1 Qe7 20. e3 Nf6 21. Bf1 Nc7 22. b5 Nce8 23. a5 Rb8 24. axb6 axb6 25. Na4 g5 26. Naxb6 f4 27. Nxd7 Nxd7 28. Na5 fxg3 29. fxg3 Qf7 30. Bxg7 Nxg7 31. Nc6 Rb7 32. Bg2 Nc5 33. Rxc5 Qf2+ 34. Kh1 dxc5 35. d6+ Kh8 36. Rf1 Qxf1+ 37. Bxf1 Rxf1+ 38. Kg2 Rbf7 39. Qb2 1-0

[Event "17th Asian Continental-ch Open 2018"]
[Site "Makati City"]
[Date "2018.12.10"]
[Round "1.28"]
[White "Song, Yuxin"]
[Black "Priasmoro, Novendra"]
[Result "1/2-1/2"]
[ECO "B06"]
[WhiteElo "2206"]
[BlackElo "2483"]
[PlyCount "121"]
[EventDate "2018.12.07"]
[EventType "swiss"]
[EventRounds "9"]
[EventCountry "PHI"]
[TimeControl "40/5400+30:1800+30"]

1. e4 g6 2. d4 Bg7 3. Nc3 c6 4. Bc4 b5 5. Bb3 b4 6. Nce2 Nf6 7. e5 Nd5 8. Nf4 Nxf4 9. Bxf4 a5 10. c3 bxc3 11. bxc3 O-O 12. Nf3 d6 13. O-O Bg4 14. h3 dxe5 15. dxe5 Qxd1 16. Rfxd1 Bxf3 17. gxf3 Na6 18. Rd7 e6 19. Rd6 Nc5 20. Bc2 Rfc8 21. Be3 Na6 22. f4 Bf8 23. Rd7 Nc5 24. Rdd1 Rab8 25. Rab1 Be7 26. Rxb8 Rxb8 27. Rb1 Rxb1+ 28. Bxb1 Na4 29. Bd2 Ba3 30. Be4 c5 31. Bc6 Nb6 32. Kg2 Nc4 33. Be3 f6 34. Bb5 Nxe3+ 35. fxe3 fxe5 36. fxe5 Bb2 37. c4 Bxe5 38. a4 Kf7 39. Bd7 Kf6 40. Kf3 Kf5 41. Bc6 Bc3 42. Be8 Bd2 43. Ke2 Bc1 44. Kf3 Ke5 45. Bf7 Kd6 46. Bg8 Ke7 47. Ke4 Kf6 48. Kf3 h5 49. Ke4 Bb2 50. Kf4 Be5+ 51. Kf3 Bd6 52. Ke4 Bf8 53. Kf4 Bh6+ 54. Ke4 g5 55. Kf3 Ke5 56. Bf7 g4+ 57. hxg4 h4 58. Be8 h3 59. Bc6 h2 60. Kf2 Bg5 61. Bh1 1/2-1/2

[Event "17th Asian Continental-ch Open 2018"]
[Site "Makati City"]
[Date "2018.12.10"]
[Round "1.31"]
[White "Khusnutdinov, Rustam"]
[Black "Concio, Michael Jr."]
[Result "1-0"]
[ECO "C78"]
[WhiteElo "2470"]
[BlackElo "2034"]
[PlyCount "113"]
[EventDate "2018.12.07"]
[EventType "swiss"]
[EventRounds "9"]
[EventCountry "PHI"]
[TimeControl "40/5400+30:1800+30"]

1. e4 e5 2. Nf3 Nc6 3. Bb5 a6 4. Ba4 Nf6 5. O-O b5 6. Bb3 Be7 7. a4 Bb7 8. axb5 axb5 9. Rxa8 Bxa8 10. Qe2 O-O 11. c3 d6 12. d4 h6 13. Nbd2 b4 14. dxe5 dxe5 15. Bc2 bxc3 16. bxc3 Nd7 17. Nc4 Bc5 18. Rd1 Qe7 19. Ne3 Bxe3 20. Bxe3 Rb8 21. h3 Nf8 22. Ra1 Qe6 23. Nd2 Ne7 24. Bb3 Qg6 25. Ra6 Bc6 26. Ba4 Ra8 27. Rxa8 Bxa8 28. Qc4 Qd6 29. Bc2 Ne6 30. Qa2 Qc6 31. Bb3 Bb7 32. Qa5 Ng6 33. Qb4 Bc8 34. g3 Qb7 35. Qc4 Qa6 36. Qxa6 Bxa6 37. h4 Ngf8 38. Ba4 Nh7 39. Bb3 Nhf8 40. f3 Nd7 41. Nf1 Kf8 42. Bc1 Bxf1 43. Kxf1 Ke7 44. Ba3+ c5 45. Ke2 Kd6 46. Ke3 g5 47. hxg5 hxg5 48. Kd3 g4 49. fxg4 Ng5 50. Bc1 f6 51. Bd5 Nb6 52. c4 Kc7 53. Bd2 Nh3 54. Ba5 Ng5 55. Ke3 Nh7 56. Kf3 Nf8 57. g5 1-0

[Event "17th Asian Continental-ch Open 2018"]
[Site "Makati City"]
[Date "2018.12.11"]
[Round "2.7"]
[White "Lu, Shanglei"]
[Black "Gagare, Shardul"]
[Result "1-0"]
[ECO "A00"]
[WhiteElo "2636"]
[BlackElo "2504"]
[PlyCount "81"]
[EventDate "2018.12.07"]
[EventType "swiss"]
[EventRounds "9"]
[EventCountry "PHI"]
[TimeControl "40/5400+30:1800+30"]

1. e4 e5 2. Nf3 Nc6 3. Bb5 a6 4. Ba4 Nf6 5. O-O Be7 6. Re1 b5 7. Bb3 d6 8. a4 Bd7 9. c3 Na5 10. Bc2 b4 11. d4 Bg4 12. dxe5 Bxf3 13. Qxf3 dxe5 14. Qg3 b3 15. Bd1 Qd6 16. Qxg7 Rg8 17. Qh6 Rd8 18. Bf3 Qe6 19. Qe3 Nb7 20. Qe2 Nc5 21. Be3 Ncxe4 22. a5 Ng5 23. Bxg5 Rxg5 24. Nd2 Kf8 25. h4 Rg7 26. Nf1 Bd6 27. g3 Qf5 28. Ne3 Qc8 29. Nc4 e4 30. Nxd6 cxd6 31. Bxe4 Qc5 32. Bg2 Re8 33. Qxa6 Rxg3 34. Rxe8+ Nxe8 35. Qb6 Rxg2+ 36. Kxg2 Qd5+ 37. f3 Nf6 38. Qd4 Qe6 39. a6 Nh5 40. a7 Qg6+ 41. Kh1 1-0

[Event "17th Asian Continental-ch Open 2018"]
[Site "Makati City"]
[Date "2018.12.11"]
[Round "2.15"]
[White "Ervan, Mohamad"]
[Black "Wang, Hao"]
[Result "1-0"]
[ECO "A00"]
[WhiteElo "2357"]
[BlackElo "2730"]
[PlyCount "73"]
[EventDate "2018.12.07"]
[EventType "swiss"]
[EventRounds "9"]
[EventCountry "PHI"]
[TimeControl "40/5400+30:1800+30"]

1. c4 e5 2. g3 Nf6 3. Bg2 d5 4. cxd5 Nxd5 5. Nf3 Nc6 6. O-O Nb6 7. Nc3 Be7 8. Rb1 f6 9. a3 O-O 10. b4 Be6 11. b5 Nd4 12. e3 Nxf3+ 13. Bxf3 Bc4 14. Re1 Bd3 15. Bxb7 Rb8 16. Be4 Bxb1 17. Qb3+ Kh8 18. Qxb1 Bd6 19. Rf1 Qd7 20. Bf5 Qf7 21. a4 Nc8 22. Qc2 Ne7 23. Bd3 f5 24. Ne2 Qh5 25. f4 Nd5 26. Bb2 Nb4 27. Qc3 Nxd3 28. Qxd3 Rbd8 29. Qc4 exf4 30. gxf4 Be7 31. Rf2 Rd7 32. Qe6 Rfd8 33. Bxg7+ Kxg7 34. Rg2+ Qg6 35. Nd4 Bc5 36. Rxg6+ hxg6 37. Qe5+ 1-0

[Event "17th Asian Continental-ch Open 2018"]
[Site "Makati City"]
[Date "2018.12.11"]
[Round "2.19"]
[White "Garma, Chito"]
[Black "Le, Quang Liem"]
[Result "0-1"]
[ECO "A00"]
[WhiteElo "2342"]
[BlackElo "2714"]
[PlyCount "78"]
[EventDate "2018.12.07"]
[EventType "swiss"]
[EventRounds "9"]
[EventCountry "PHI"]
[TimeControl "40/5400+30:1800+30"]

1. e4 c5 2. Nf3 d6 3. d4 cxd4 4. Nxd4 Nf6 5. Nc3 Nc6 6. Be2 e5 7. Nb3 Be7 8. O-O O-O 9. Be3 Be6 10. Bf3 a5 11. Nd5 Bxd5 12. exd5 Nb4 13. c3 Na6 14. a4 Nd7 15. Be2 Nc7 16. f3 Bg5 17. Bf2 f5 18. g3 Qe7 19. Re1 Qf7 20. c4 b6 21. Nc1 Na6 22. Na2 Ndc5 23. Nc3 Qd7 24. Bf1 Rae8 25. Ra3 Qd8 26. Nb5 Nb4 27. Bg2 Re7 28. Be3 Bxe3+ 29. Raxe3 f4 30. Ra3 Ref7 31. g4 h5 32. Kh1 hxg4 33. fxg4 f3 34. Bxf3 Nbd3 35. Rf1 e4 36. Nd4 Qg5 37. Nf5 exf3 38. Rxd3 Nxd3 39. Qxd3 Rxf5 0-1

[Event "17th Asian Continental-ch Open 2018"]
[Site "Makati City"]
[Date "2018.12.11"]
[Round "2.29"]
[White "Schain, Randolph"]
[Black "Nava, Roderick"]
[Result "0-1"]
[ECO "A00"]
[WhiteElo "2229"]
[BlackElo "2392"]
[PlyCount "90"]
[EventDate "2018.12.07"]
[EventType "swiss"]
[EventRounds "9"]
[EventCountry "PHI"]
[TimeControl "40/5400+30:1800+30"]

1. d4 c5 2. Nf3 g6 3. g3 Bg7 4. Bg2 cxd4 5. Nxd4 Nc6 6. Nxc6 bxc6 7. O-O Rb8 8. c3 Nf6 9. e4 O-O 10. Qc2 d5 11. Rd1 Bg4 12. f3 Be6 13. Be3 Qc7 14. Nd2 Qb7 15. b3 Rfd8 16. Rac1 a5 17. Bd4 Qc7 18. Re1 c5 19. Be3 Rbc8 20. Kh1 dxe4 21. Nxe4 Nxe4 22. fxe4 c4 23. b4 Rd3 24. Bf4 Qb6 25. bxa5 Qxa5 26. e5 Bd5 27. Bxd5 Qxd5+ 28. Qg2 Qa5 29. Qb2 e6 30. Rc2 Qd5+ 31. Rg2 h6 32. h4 g5 33. hxg5 hxg5 34. Bxg5 Bxe5 35. Qf2 Bxc3 36. Rf1 f5 37. Kh2 Kf7 38. Qf4 Be5 39. Qg4 Rh8+ 40. Bh4 Rd4 41. Rxf5+ exf5 42. Qxf5+ Kg8 43. Qg6+ Bg7 44. Rf2 Rhxh4+ 45. gxh4 Qd6+ 0-1

[Event "17th Asian Continental-ch Open 2018"]
[Site "Makati City"]
[Date "2018.12.11"]
[Round "2.30"]
[White "Amartuvshin, Ganzorig"]
[Black "Orio, Rogelio L."]
[Result "1-0"]
[ECO "A00"]
[WhiteElo "2376"]
[BlackElo "1791"]
[PlyCount "109"]
[EventDate "2018.12.07"]
[EventType "swiss"]
[EventRounds "9"]
[EventCountry "PHI"]
[TimeControl "40/5400+30:1800+30"]

1. d4 d6 2. c4 g6 3. Nc3 Bg7 4. e4 Nf6 5. Be2 O-O 6. Nf3 c6 7. O-O Nbd7 8. Be3 Re8 9. Rb1 a6 10. d5 Ng4 11. Bf4 c5 12. Ne1 Nde5 13. h3 Nf6 14. Bh2 Ned7 15. f4 Rb8 16. e5 Nh5 17. Bxh5 gxh5 18. Qxh5 b5 19. Nf3 Nf8 20. Ng5 f6 21. Nf7 Qc7 22. e6 Nxe6 23. Nh6+ Bxh6 24. dxe6 Bxe6 25. Qxh6 Bf5 26. Nd5 Qd7 27. Rbe1 bxc4 28. Ne3 Bd3 29. Rf3 Kh8 30. Rf2 Rg8 31. f5 Qb5 32. Rc1 Rg7 33. Nd5 Qb7 34. Nxf6 exf6 35. Bxd6 Re8 36. Qxf6 Qd5 37. Bf8 Rxf8 38. Qxf8+ Rg8 39. Qf6+ Rg7 40. Re1 Qf7 41. Qxf7 Rxf7 42. f6 h5 43. Re5 Kh7 44. Rxh5+ Kg6 45. Rxc5 Bb1 46. h4 Bxa2 47. h5+ Kh6 48. g4 Rf8 49. Rh2 Rd8 50. g5+ Kh7 51. Rc7+ Kh8 52. g6 c3 53. Rg2 Bg8 54. f7 Rd1+ 55. Kh2 1-0

[Event "17th Asian Continental-ch Open 2018"]
[Site "Makati City"]
[Date "2018.12.11"]
[Round "2.31"]
[White "Bai, Adelard"]
[Black "De Guzman, Ricardo"]
[Result "0-1"]
[ECO "A00"]
[WhiteElo "2100"]
[BlackElo "2357"]
[PlyCount "116"]
[EventDate "2018.12.07"]
[EventType "swiss"]
[EventRounds "9"]
[EventCountry "PHI"]
[TimeControl "40/5400+30:1800+30"]

1. d4 Nf6 2. c4 e6 3. Nf3 b6 4. g3 Ba6 5. Qc2 c5 6. Bg2 Bb7 7. e3 Be7 8. O-O Qc8 9. dxc5 Qxc5 10. b3 Qc7 11. Bb2 d6 12. Nc3 a6 13. Rac1 Nbd7 14. Rfd1 O-O 15. e4 Rac8 16. Nd4 Qb8 17. Qe2 Rfe8 18. h4 g6 19. g4 h6 20. Rc2 Bf8 21. Rcd2 d5 22. Nc2 Qf4 23. Bc1 Nxg4 24. Rd3 Qh2+ 25. Kf1 Ndf6 26. Rg3 Qxh4 27. Rh3 Qxf2+ 28. Qxf2 Nxf2 29. Kxf2 dxe4 30. Ke2 g5 31. Na4 b5 32. Nb6 Rc7 33. Bb2 Ng4 34. Ne3 Nxe3 35. Rxe3 f5 36. Be5 Rf7 37. Nd7 Bg7 38. Bxg7 Kxg7 39. Ne5 Rc7 40. Rd7+ Rxd7 41. Nxd7 Rc8 42. Rc3 Rc7 43. Nb6 h5 44. Ke3 f4+ 45. Kd4 f3 46. Bf1 b4 47. Rc2 Kf6 48. Ke3 g4 49. c5 g3 50. Bh3 Rg7 51. Rc1 g2 52. Rg1 Rg3 53. Nd7+ Ke7 54. Ne5 Rxh3 55. c6 Bc8 56. Kf2 Rh1 57. Nc4 Kd8 58. Nd2 e3+ 0-1

[Event "17th Asian Continental-ch Open 2018"]
[Site "Makati City"]
[Date "2018.12.11"]
[Round "2.32"]
[White "Concio, Michael Jr."]
[Black "Miciano, John Marvin"]
[Result "1-0"]
[ECO "A00"]
[WhiteElo "2034"]
[BlackElo "2354"]
[PlyCount "95"]
[EventDate "2018.12.07"]
[EventType "swiss"]
[EventRounds "9"]
[EventCountry "PHI"]
[TimeControl "40/5400+30:1800+30"]

1. d4 g6 2. c4 Bg7 3. Nc3 d6 4. e4 Nc6 5. Be3 Nf6 6. f3 O-O 7. Qd2 a6 8. O-O-O Bd7 9. e5 Ne8 10. f4 b5 11. c5 dxc5 12. dxc5 Be6 13. Bd3 f5 14. Nf3 Nb4 15. Bb1 Qxd2+ 16. Rxd2 c6 17. Ng5 Bc8 18. a3 h6 19. Nf3 Nd5 20. Nxd5 cxd5 21. Rxd5 Nc7 22. Rd2 Be6 23. Rhd1 Rfc8 24. Nh4 Bf7 25. g4 e6 26. gxf5 exf5 27. Rd7 Ne6 28. Ba2 Bf8 29. b4 a5 30. Bd5 axb4 31. Bxa8 Rxa8 32. axb4 Ra4 33. Bd2 g5 34. fxg5 hxg5 35. Nxf5 Bg6 36. Ne3 Bg7 37. Bc3 Ra2 38. R1d2 Ra3 39. Kb2 Ra8 40. Ng4 Bf7 41. c6 Bf8 42. R2d6 Bxd6 43. Nh6+ Kg7 44. Rxf7+ Kxh6 45. exd6 Nf4 46. c7 Nd5 47. Bg7+ Kg6 48. Rf8 1-0

[Event "17th Asian Continental-ch Open 2018"]
[Site "Makati City"]
[Date "2018.12.12"]
[Round "3.16"]
[White "Chen, Qi b"]
[Black "Tan, Zhongyi"]
[Result "1/2-1/2"]
[ECO "A00"]
[WhiteElo "2437"]
[BlackElo "2508"]
[PlyCount "57"]
[EventDate "2018.12.07"]
[EventType "swiss"]
[EventRounds "9"]
[EventCountry "PHI"]
[TimeControl "40/5400+30:1800+30"]

1. e4 e5 2. Nf3 Nc6 3. Bb5 a6 4. Ba4 Nf6 5. O-O Nxe4 6. d4 b5 7. Bb3 d5 8. dxe5 Be6 9. Nbd2 Be7 10. c3 Nc5 11. Bc2 d4 12. Nb3 dxc3 13. Nxc5 Bxc5 14. bxc3 Qxd1 15. Rxd1 Rd8 16. Rxd8+ Kxd8 17. a4 Kd7 18. axb5 axb5 19. Rb1 Rb8 20. Bd3 b4 21. cxb4 Rxb4 22. Rxb4 Bxb4 23. Bb5 Bc3 24. Be3 Bd5 25. Nd4 Bxd4 26. Bxd4 Ke6 27. Bxc6 Bxc6 28. f4 Kf5 29. Ba7 1/2-1/2

[Event "17th Asian Continental-ch Open 2018"]
[Site "Makati City"]
[Date "2018.12.12"]
[Round "3.20"]
[White "Nava, Roderick"]
[Black "Priasmoro, Novendra"]
[Result "1-0"]
[ECO "A00"]
[WhiteElo "2392"]
[BlackElo "2483"]
[Annotator "RC"]
[PlyCount "57"]
[EventDate "2018.12.07"]
[EventType "swiss"]
[EventRounds "9"]
[EventCountry "PHI"]
[TimeControl "40/5400+30:1800+30"]

1. d4 Nf6 2. c4 g6 3. Nc3 Bg7 4. e4 d6 5. h3 O-O 6. Be3 c5 7. d5 e6 8. Bd3 exd5 9. exd5 Na6 10. Nf3 Nc7 11. a4 Rb8 12. O-O a6 13. a5 b5 14. axb6 Rxb6 15. Qd2 Bd7 16. Bh6 Bxh6 17. Qxh6 Rxb2 18. Ng5 Bf5 19. Bxf5 gxf5 20. Nd1 Re2 21. Ne3 Nce8 22. Nxf5 Qd7 23. Ng3 Re5 24. Ra3 Qe7 25. f4 Rxg5 26. fxg5 Nd7 27. Nf5 Qe2 28. Re3 Qb2 29. Re4 1-0

[Event "17th Asian Continental-ch Open 2018"]
[Site "Makati City"]
[Date "2018.12.12"]
[Round "3.27"]
[White "Turqueza, Mari Joseph"]
[Black "Docena, Jerad"]
[Result "1-0"]
[ECO "A00"]
[WhiteElo "2305"]
[BlackElo "2426"]
[PlyCount "73"]
[EventDate "2018.12.07"]
[EventType "swiss"]
[EventRounds "9"]
[EventCountry "PHI"]
[TimeControl "40/5400+30:1800+30"]

1. d4 Nf6 2. c4 e6 3. Nf3 Bb4+ 4. Nbd2 O-O 5. a3 Be7 6. e4 d6 7. b4 e5 8. Bb2 exd4 9. Nxd4 Re8 10. Bd3 Nc6 11. O-O Nxd4 12. Bxd4 Nd7 13. f4 Bf6 14. Nf3 b6 15. e5 dxe5 16. Be4 exd4 17. Bxa8 Nf8 18. Bc6 Re6 19. b5 Ng6 20. f5 Rxc6 21. fxg6 Rc5 22. gxf7+ Kxf7 23. Nxd4 Kg8 24. Nc6 Qxd1 25. Raxd1 Be6 26. Rfe1 Kf7 27. Nxa7 Rxc4 28. Rc1 Bc3 29. Nc6 Kf6 30. Rf1+ Kg5 31. Kh1 Bd5 32. Rfd1 Be6 33. a4 Bf6 34. Rxc4 Bxc4 35. Rd7 Bb3 36. a5 bxa5 37. Nxa5 1-0

[Event "17th Asian Continental-ch Open 2018"]
[Site "Makati City"]
[Date "2018.12.12"]
[Round "3.29"]
[White "Miciano, John Marvin"]
[Black "Schain, Randolph"]
[Result "1-0"]
[ECO "A00"]
[WhiteElo "2354"]
[BlackElo "2229"]
[PlyCount "111"]
[EventDate "2018.12.07"]
[EventType "swiss"]
[EventRounds "9"]
[EventCountry "PHI"]
[TimeControl "40/5400+30:1800+30"]

1. d4 Nf6 2. g3 g6 3. c4 Bg7 4. Bg2 O-O 5. Nc3 d6 6. Nf3 c5 7. d5 Nbd7 8. O-O Qc7 9. h3 a6 10. a4 Rb8 11. Qc2 b6 12. e4 Ne5 13. Nd2 e6 14. f4 Ned7 15. g4 exd5 16. exd5 Re8 17. Nf3 h5 18. g5 Nh7 19. Nh4 Nhf8 20. Kh1 Kh7 21. f5 Bxc3 22. fxg6+ fxg6 23. Qxc3 Ne5 24. Bf4 Qg7 25. Rae1 Bd7 26. Bxe5 Rxe5 27. Rxe5 dxe5 28. Be4 Be8 29. Rf6 Rb7 30. Qf3 Rf7 31. Rxf7 Qxf7 32. Qxf7+ Bxf7 33. Nf3 Nd7 34. d6 Be6 35. Bc6 Nb8 36. Nxe5 Kg7 37. h4 Nxc6 38. Nxc6 Kf8 39. Ne5 Ke8 40. Kg2 Bf5 41. Kf3 Bc2 42. Kf4 a5 43. Nf3 Kd7 44. Ke5 Bxa4 45. Nd2 Bc2 46. Nf1 Bd3 47. Ne3 a4 48. Nd5 Kc6 49. Ke6 Bf5+ 50. Ke7 b5 51. Nc3 bxc4 52. Nxa4 Kb5 53. Nc3+ Kc6 54. Ne4 Kd5 55. Ng3 c3 56. bxc3 1-0

[Event "17th Asian Continental-ch Open 2018"]
[Site "Makati City"]
[Date "2018.12.12"]
[Round "3.30"]
[White "Gong, Daniel Hanwen"]
[Black "Garma, Chito"]
[Result "0-1"]
[ECO "A00"]
[WhiteElo "2270"]
[BlackElo "2342"]
[PlyCount "72"]
[EventDate "2018.12.07"]
[EventType "swiss"]
[EventRounds "9"]
[EventCountry "PHI"]
[TimeControl "40/5400+30:1800+30"]

1. e4 Nf6 2. e5 Nd5 3. c4 Nb6 4. d4 d6 5. exd6 cxd6 6. Nc3 g6 7. Be3 Bg7 8. Rc1 O-O 9. b3 Nc6 10. d5 Ne5 11. Be2 f5 12. f4 Nf7 13. Nf3 e5 14. dxe6 Bxe6 15. O-O Re8 16. Bd4 Bh6 17. Ne1 d5 18. c5 Nd7 19. Rc2 Nb8 20. Rd2 Nc6 21. Bb5 Qa5 22. Nc2 a6 23. Ba4 Re7 24. Re2 Nxd4 25. Nxd4 Qxc5 26. b4 Qxc3 27. Nxe6 Qxb4 28. Bb3 Qb6+ 29. Kh1 Rxe6 30. Rxe6 Qxe6 31. Bxd5 Qd7 32. Qb3 Rf8 33. Rd1 Qc7 34. Be6 Kh8 35. Rd7 Qxf4 36. Rd1 Ng5 0-1

[Event "17th Asian Continental-ch Open 2018"]
[Site "Makati City"]
[Date "2018.12.12"]
[Round "3.31"]
[White "Orio, Rogelio L."]
[Black "Montoya, Edsel"]
[Result "0-1"]
[ECO "A00"]
[WhiteElo "1791"]
[BlackElo "2312"]
[PlyCount "124"]
[EventDate "2018.12.07"]
[EventType "swiss"]
[EventRounds "9"]
[EventCountry "PHI"]
[TimeControl "40/5400+30:1800+30"]

1. d4 Nf6 2. Bf4 g6 3. e3 Bg7 4. Be2 d6 5. c3 O-O 6. Nd2 Nc6 7. h4 e5 8. Bg5 h6 9. d5 hxg5 10. dxc6 bxc6 11. h5 gxh5 12. Bxh5 g4 13. Qc2 Nxh5 14. Rxh5 f5 15. Ne2 Be6 16. O-O-O Qe8 17. Rdh1 Qg6 18. f3 Kf7 19. fxg4 Qxg4 20. Nf3 Rh8 21. Ng5+ Ke7 22. Nh7 Rag8 23. Ng1 e4 24. Qf2 Be5 25. Ne2 Qxg2 26. Qh4+ Kd7 27. Nf4 Qg7 28. Rh6 Bf7 29. Qh3 Qg4 30. Qf1 Qf3 31. Qe1 Rg3 32. Nh5 Bxh5 33. R6xh5 Qxe3+ 34. Qxe3 Rxe3 35. Rxf5 Kc8 36. Rf7 Rg3 37. a4 Rg7 38. Rf8+ Rxf8 39. Nxf8 Rg8 40. Rf1 Kd8 41. Ne6+ Kd7 42. Nd4 Bxd4 43. cxd4 Ke6 44. Kd2 Rg3 45. Rh1 Rd3+ 46. Kc2 Rxd4 47. b3 d5 48. Rh7 Kd6 49. Rh6+ Kc5 50. Rh7 Kb6 51. Rh6 a5 52. Re6 Rd3 53. Re8 Rh3 54. Rb8+ Ka7 55. Rc8 Kb7 56. Re8 Rh2+ 57. Kc1 Kb6 58. Rb8+ Kc5 59. Rb7 e3 60. Rxc7 Rh1+ 61. Kc2 e2 62. Re7 e1=Q 0-1

[Event "17th Asian Continental-ch Open 2018"]
[Site "Makati City"]
[Date "2018.12.12"]
[Round "3.32"]
[White "Young, Angelo"]
[Black "Bai, Adelard"]
[Result "1/2-1/2"]
[ECO "A00"]
[WhiteElo "2282"]
[BlackElo "2100"]
[PlyCount "148"]
[EventDate "2018.12.07"]
[EventType "swiss"]
[EventRounds "9"]
[EventCountry "PHI"]
[TimeControl "40/5400+30:1800+30"]

1. Nf3 d5 2. d4 Nf6 3. g3 c6 4. Bg2 Bg4 5. h3 Bxf3 6. Bxf3 Nbd7 7. O-O e5 8. dxe5 Nxe5 9. Bg2 Be7 10. c3 h5 11. Qd4 Ng6 12. c4 h4 13. g4 dxc4 14. Qxc4 Qc7 15. Nc3 Ne5 16. Qa4 a6 17. Bf4 Bd6 18. g5 Nfd7 19. Rfd1 Nf3+ 20. Bxf3 Bxf4 21. Rxd7 Kxd7 22. Nd5 Bh2+ 23. Kh1 Qe5 24. Nb6+ Kc7 25. Nxa8+ Rxa8 26. Rd1 Rd8 27. Rxd8 Kxd8 28. Qxh4 g6 29. Qc4 Qc7 30. Qd4+ Bd6 31. Qh8+ Ke7 32. Qf6+ Kf8 33. Qh8+ Ke7 34. Qf6+ Kf8 35. Qh8+ Ke7 36. Qd4 Qd7 37. Bg4 Qc7 38. e3 Be5 39. Qb4+ c5 40. Qe4 Kf8 41. b3 Bd6 42. Bf3 b5 43. Qa8+ Kg7 44. Qxa6 Qe7 45. Qxb5 Qe5 46. Kg2 Qxg5+ 47. Kf1 Qf5 48. Bg4 Qb1+ 49. Kg2 Qxa2 50. Qd7 Qa8+ 51. Bf3 Qf8 52. Bd5 Qe7 53. Qg4 Qe5 54. Bc4 Qe7 55. Qf3 Qg5+ 56. Kf1 Qf6 57. Qg4 Qa1+ 58. Ke2 Qb2+ 59. Kf3 Qf6+ 60. Kg2 Qe5 61. Kg1 Qa1+ 62. Kg2 Qe5 63. Qf3 Qg5+ 64. Kf1 Qf6 65. Qd5 Qa1+ 66. Kg2 Qf6 67. f4 Qe7 68. Kf3 Qd7 69. Ke2 Qe7 70. Kf3 Qd7 71. Kg2 Qe7 72. Qf3 Qf6 73. Qd5 Qe7 74. Kf3 Qd7 1/2-1/2

[Event "17th Asian Continental-ch Open 2018"]
[Site "Makati City"]
[Date "2018.12.13"]
[Round "4.17"]
[White "Bilguun, Sumiya"]
[Black "De Guzman, Ricardo"]
[Result "0-1"]
[ECO "A00"]
[WhiteElo "2497"]
[BlackElo "2357"]
[PlyCount "141"]
[EventDate "2018.12.07"]
[EventType "swiss"]
[EventRounds "9"]
[EventCountry "PHI"]
[TimeControl "40/5400+30:1800+30"]

1. e4 e5 2. Nf3 Nc6 3. Bc4 Be7 4. O-O Nf6 5. d3 d6 6. a4 O-O 7. Re1 h6 8. a5 a6 9. h3 Be6 10. Nbd2 Qd7 11. Nf1 Nh7 12. Ne3 Ng5 13. b3 Nxf3+ 14. Qxf3 Nd4 15. Qd1 Bg5 16. c3 Nb5 17. Bb2 c6 18. Bxe6 fxe6 19. Ng4 Qf7 20. Rf1 Qg6 21. Kh1 Rf7 22. Qe2 h5 23. Nh2 c5 24. Rad1 Raf8 25. d4 exd4 26. cxd4 cxd4 27. Bxd4 Rf4 28. Be3 Nc3 29. Qc2 Nxd1 30. Bxf4 Nxf2+ 31. Rxf2 Bxf4 32. Nf1 Rf7 33. Rf3 Be5 34. Nd2 Bf4 35. Qc8+ Rf8 36. Qc3 h4 37. Qd3 Rf7 38. Nc4 Qg5 39. Qf1 Rf6 40. Qe2 Bg3 41. Rxf6 Qxf6 42. Qd1 Qf4 43. Nd2 Qe3 44. Nc4 Qg5 45. Qc2 g6 46. Nd2 Qxa5 47. Qc8+ Kg7 48. Qxb7+ Kh6 49. Nf1 Qa1 50. Qf7 Be5 51. Qf8+ Kg5 52. Qf3 Qe1 53. Qg4+ Kf6 54. Qf3+ Ke7 55. Qd3 a5 56. Kg1 Kf6 57. Qf3+ Kg7 58. Qd3 Kh7 59. Kh1 Qf2 60. Nd2 Qe1+ 61. Nf1 Kg7 62. Kg1 g5 63. Qd2 Qxe4 64. Qxg5+ Kf7 65. Qd2 Qd4+ 66. Qf2+ Ke8 67. Ne3 Bg3 68. Qf3 Bf4 69. Qc6+ Kd8 70. Qa8+ Ke7 71. Qa7+ 0-1

[Event "17th Asian Continental-ch Open 2018"]
[Site "Makati City"]
[Date "2018.12.13"]
[Round "4.25"]
[White "Bersamina, Paulo"]
[Black "Quizon, Daniel"]
[Result "1/2-1/2"]
[ECO "A00"]
[WhiteElo "2444"]
[BlackElo "2314"]
[PlyCount "148"]
[EventDate "2018.12.07"]
[EventType "swiss"]
[EventRounds "9"]
[EventCountry "PHI"]
[TimeControl "40/5400+30:1800+30"]

1. e4 c5 2. Nc3 e6 3. f4 d6 4. Nf3 Nf6 5. d4 cxd4 6. Nxd4 a6 7. Bd3 Nbd7 8. Qf3 Qc7 9. g4 Nc5 10. g5 Nxd3+ 11. cxd3 Nd7 12. h4 b5 13. a3 Bb7 14. h5 Nc5 15. Bd2 Qb6 16. Nce2 e5 17. Nf5 d5 18. exd5 Qe6 19. Ne3 Nxd3+ 20. Kf1 Bc5 21. f5 Qd6 22. Nc3 Bxe3 23. Bxe3 O-O-O 24. f6 g6 25. Bb6 Qxb6 26. Qxd3 Qd4 27. Qh3+ Kb8 28. hxg6 fxg6 29. Rh2 h6 30. gxh6 Qf4+ 31. Kg1 Qxf6 32. Qe3 Qf4 33. Re1 Qd4 34. Rf2 Qxe3 35. Rxe3 Rxh6 36. Rxe5 Rdh8 37. Rg2 Rh5 38. Reg5 Rxg5 39. Rxg5 Rh5 40. Rxg6 Bxd5 41. Rxa6 Kb7 42. Rd6 Bc6 43. Rd2 Rf5 44. Rf2 Rh5 45. Kf1 b4 46. axb4 Rh4 47. b5 Bd7 48. Rf7 Kc8 49. Rf8+ Kb7 50. Rd8 Kc7 51. Rg8 Kb7 52. Rg7 Kc8 53. Ke2 Rb4 54. Kd3 Bxb5+ 55. Kc2 Bc6 56. Na2 Rh4 57. Rg3 Rf4 58. Nc3 Rb4 59. b3 Rf4 60. Kb2 Rf3 61. Rg6 Kb7 62. b4 Rf2+ 63. Kb3 Rf5 64. Rd6 Rh5 65. Rd4 Kb6 66. Kc4 Rg5 67. Rh4 Rf5 68. Rh6 Rf4+ 69. Kb3 Kb7 70. Ne2 Bd5+ 71. Ka4 Bc6+ 72. Rxc6 Rxb4+ 73. Ka3 Rb3+ 74. Kxb3 Kxc6 1/2-1/2